Map: Rooftop Terrace

Players

TroutGarden

  • Race: Terran Terran
  • Spawn Location: 6:00

Ceyb

  • Race: Zerg Zerg
  • Spawn Location: 7:00

PorotoVerde

  • Race: Terran Terran
  • Spawn Location: 6:00

JamesLucifer

  • Race: Terran Terran
  • Spawn Location: 5:00

AmpelNordo

  • Race: Zerg Zerg
  • Spawn Location: 12:00

Dread

  • Race: Protoss Protoss
  • League: Platinum
  • Spawn Location: 11:00

Key

  • Race: Zerg Zerg
  • Spawn Location: 12:00

Infamous

  • Race: Protoss Protoss
  • League: Gold
  • Spawn Location: 1:00

VOD

Have the link to the VOD?

Description

Time

  • Played on: April 12, 2018, 11:25 a.m.
  • Length: 15:12
Show
View Real Time Build Order
Export as new Build Order

TroutGarden Terran 

Build Orders:  

Get SALT Encoding   

  12  0:01  SCV  
  13  0:16  Supply Depot  
  13  0:19  SCV  
  14  0:27  Refinery  
  14  0:41  Barracks  
  14  0:44  SCV  
  16  0:57  SCV  
  16  1:00  Supply Depot  
  16  1:13  Barracks  
  16  1:15  SCV  
  17  1:29  Orbital Command  
  17  1:40  Marine  
  14  2:05  Orbital Command  
  11  2:37  Refinery  
  11  2:38  SCV, Refinery  
  12  2:50  SCV  
  13  2:54  Marine x2  
  15  3:12  Marine x2  
  16  3:16  SCV  
  16  3:17  Factory  
  18  3:28  SCV  
  18  3:30  Marine x2  
  20  3:41  SCV  
  17  3:48  Marine x2  
  18  3:53  SCV  
  20  4:05  SCV  
  20  4:06  Marine  
  19  4:22  Widow Mine  
  19  4:24  Marine  
    6:05  Orbital Command  
    6:58  SCV  
  1  7:34  Orbital Command  
  1  8:01  SCV  
  2  8:13  SCV  
  3  8:25  SCV  
  5  9:24  SCV, Refinery  
  5  9:36  SCV  
  7  10:21  SCV  
  7  10:33  SCV  
  8  10:45  SCV  
  9  10:57  SCV  
  10  11:09  SCV  
Show
View Real Time Build Order
Export as new Build Order

Ceyb Zerg 

Build Orders: Hatch First 

Get SALT Encoding   

  12  0:03  Drone  
  13  0:38  Drone  
  14  0:44  Overlord, Hatchery  
  14  0:47  Drone  
  14  1:09  Drone  
  14  1:10  Spawning Pool  
  14  1:16  Drone  
  15  1:36  Drone  
  15  1:37  Drone x2  
  18  1:44  Extractor  
  18  1:46  Extractor  
  16  1:57  Drone  
  17  2:10  Zergling x2  
  17  2:11  Zergling x4  
  20  2:21  Queen  
  23  2:22  Drone  
  23  2:26  Drone x2  
  27  2:48  Lair  
  25  3:08  Drone  
  25  3:09  Drone x2  
  28  3:14  Overlord  
  28  3:15  Overlord x2  
  25  3:52  Hydralisk Den  
Show
View Real Time Build Order
Export as new Build Order

PorotoVerde Terran 

Build Orders: Mech 

Get SALT Encoding   

  12  0:01  SCV  
  13  0:15  SCV  
  14  0:21  Supply Depot  
  14  0:27  SCV  
  15  0:43  SCV  
  15  0:44  Barracks  
  16  0:55  SCV  
  17  0:58  Refinery  
  17  1:07  SCV  
  18  1:19  SCV  
  19  1:31  SCV  
  20  1:52  Command Center  
  20  2:22  Orbital Command  
  20  2:25  Barracks Tech Lab, Refinery  
  20  2:31  Factory  
  20  2:36  Supply Depot  
  20  3:06  SCV  
  21  3:26  Orbital Command  
  21  3:31  Refinery  
  21  3:38  Armory  
  21  3:41  SCV, Engineering Bay  
  22  3:53  SCV  
  23  4:12  Siege Tank  
  26  4:57  SCV  
  27  5:03  Thor  
  33  5:09  SCV  
  33  5:10  Terran Vehicle And Ship Armor Level 1  
  33  5:11  Factory  
  34  5:15  Factory  
  34  5:30  SCV  
  35  5:35  SCV  
  35  5:40  Refinery  
  37  5:42  SCV  
  37  5:47  Thor  
  37  5:48  SCV  
  44  5:55  Factory Tech Lab  
  44  5:58  Factory Tech Lab  
  44  6:00  SCV  
  45  6:06  SCV  
  45  6:08  Armory  
  46  6:17  Supply Depot  
  46  6:18  Missile Turret  
  46  6:38  SCV x2, Thor  
  46  6:39  Thor  
  60  6:43  Thor  
  66  6:50  SCV  
  66  6:54  Supply Depot  
  67  6:56  Missile Turret  
  67  7:02  SCV  
  67  7:07  Terran Vehicle And Ship Armor Level 2  
  68  7:15  SCV  
  69  7:27  SCV  
  70  7:39  SCV  
  71  7:55  Thor  
  77  8:10  Thor  
  83  8:14  Supply Depot  
  83  8:16  Supply Depot  
  83  8:19  Supply Depot  
  83  8:21  Supply Depot  
  83  8:37  Supply Depot  
  83  8:43  Supply Depot  
  83  8:44  Supply Depot  
  83  8:45  Supply Depot  
  83  8:50  Thor  
  83  8:51  Thor  
  95  9:27  SCV  
  96  9:39  SCV  
  97  9:52  Thor x3  
  115  10:35  Thor  
  103  10:46  Thor x2  
  76  11:06  Terran Vehicle And Ship Armor Level 3  
  76  11:36  Terran Vehicle Weapons Level 1  
  76  11:38  Thor  
  76  11:42  Orbital Command  
  64  12:00  Factory  
  64  12:09  Factory  
  52  12:37  Thor  
  52  12:38  Thor  
  52  12:39  Thor  
  70  12:46  Factory Reactor  
  70  12:47  Command Center  
  64  13:02  Factory Reactor  
  64  13:12  Refinery  
  58  13:14  Refinery  
  58  13:21  Hellbat  
Show
View Real Time Build Order
Export as new Build Order

JamesLucifer Terran 

Build Orders: MMM Bio 

Get SALT Encoding   

  12  0:01  SCV  
  13  0:14  SCV  
  14  0:26  SCV  
  15  0:39  Supply Depot  
  15  0:48  Refinery  
  15  1:00  SCV  
  16  1:04  Barracks  
  16  1:13  SCV  
  17  1:25  SCV  
  18  1:31  Supply Depot  
  18  1:37  SCV  
  19  1:53  Marine  
  20  1:59  Barracks  
  20  2:01  Orbital Command  
  20  2:11  Marine  
  21  2:29  Marine, Command Center  
  22  2:32  SCV  
  23  2:44  SCV  
  23  2:47  Marine  
  25  2:53  Refinery  
  25  2:56  SCV  
  26  3:05  Marine  
  27  3:07  Marine  
  27  3:09  SCV  
  29  3:18  Supply Depot  
  29  3:21  SCV  
  29  3:26  Barracks Reactor  
  31  3:29  Barracks Tech Lab  
  31  3:33  SCV  
  31  3:35  Factory  
  31  3:42  Refinery  
  31  3:45  SCV  
  32  3:48  Supply Depot  
  32  3:51  Marauder  
  34  3:56  Stimpack  
  34  3:57  SCV  
  35  4:04  Barracks  
  35  4:06  Marine x2  
  37  4:13  Marauder  
  37  4:16  SCV  
  40  4:22  SCV  
  40  4:23  Marine  
  42  4:24  Marine  
  42  4:28  SCV  
  44  4:34  SCV, Marauder  
  47  4:40  SCV  
  47  4:41  Marine  
  47  4:42  Marine, Supply Depot  
  47  4:44  Supply Depot  
  50  4:47  SCV  
  50  4:52  SCV  
  52  4:53  Barracks Tech Lab  
  52  4:56  Marauder  
  52  4:59  Marine, SCV  
  56  5:00  Marine, Engineering Bay  
  56  5:04  SCV  
  58  5:10  Factory Tech Lab  
  58  5:11  SCV  
  58  5:13  Supply Depot  
  59  5:15  Supply Depot  
  59  5:17  Marine x2, Marauder x2  
  65  5:22  SCV  
  66  5:29  Orbital Command  
  66  5:38  Missile Turret, Marauder x2, Terran Infantry Weapons Level 1  
  66  5:41  Combat Shields  
  70  5:46  Marine  
  70  5:47  Marine  
  72  6:00  Marauder x2  
  72  6:03  Siege Tank  
  79  6:04  Marine x2  
  81  6:13  Factory  
  81  6:21  Marauder x2  
  81  6:22  Marine x2  
  87  6:32  Refinery  
  87  6:35  Siege Tank  
  90  6:40  Marine  
  90  6:42  Marauder  
  93  7:00  Marine  
  94  7:32  Marine  
  94  8:05  Marine  
  94  8:08  Marauder  
  94  8:27  Marine, Marauder  
  94  8:28  Marine  
  94  8:29  Marauder  
  84  8:45  Marine x2  
  85  9:02  Marine  
  86  9:11  Factory Tech Lab  
  86  9:17  Factory  
  86  9:44  Missile Turret  
  86  9:46  Missile Turret x2  
  86  9:47  Missile Turret x2  
  86  9:48  SCV  
  86  9:49  Missile Turret x2  
  87  10:00  SCV  
  88  10:12  SCV  
  89  10:24  SCV  
  90  10:36  SCV  
  91  10:49  SCV  
  91  10:54  Marauder  
  91  10:56  Marauder  
  95  11:05  Starport  
  93  11:14  Starport  
  93  11:15  Marauder  
  93  11:17  Marauder  
  94  11:20  Refinery  
  83  11:36  Marauder  
  83  11:39  Marauder  
  79  11:41  Factory Reactor  
  79  11:45  Infernal Pre-Igniter  
  79  11:56  Viking  
  79  11:58  Marauder  
  79  12:00  Marauder  
  83  12:19  Marauder  
  83  12:22  Marauder  
  87  12:26  Viking  
  87  12:37  Hellion x4  
  87  12:40  Marauder  
  87  12:43  Marauder, Viking x2  
  99  12:56  Viking  
  99  12:57  Missile Turret x2  
  105  12:58  Hellion x2, Missile Turret  
  105  12:59  Hellion x2  
  105  13:00  Missile Turret  
  105  13:02  Missile Turret x2  
  105  13:04  Missile Turret, Marauder  
  110  13:07  Missile Turret  
  110  13:13  Terran Infantry Armor Level 1  
  110  13:21  Missile Turret x2, Viking  
  110  13:22  Missile Turret  
  110  13:23  Missile Turret x2  
  110  13:24  Marauder, Viking  
  110  13:25  Missile Turret  
  110  13:26  Viking  
  116  13:31  Missile Turret  
  78  13:51  Missile Turret x2, Viking  
  78  13:52  Missile Turret x2  
  78  13:53  Missile Turret x2, Marauder  
  78  13:54  Marauder, Viking  
  86  13:56  Viking  
  86  13:58  Missile Turret  
  88  14:12  Missile Turret  
  88  14:14  Marauder  
  88  14:15  Marauder  
  92  14:21  Viking  
  94  14:24  Viking  
  94  14:26  Viking  
  98  14:36  Marauder  
  98  14:37  Marauder  
Show
View Real Time Build Order
Export as new Build Order

AmpelNordo Zerg 

Build Orders: Hatch First 

Get SALT Encoding   

  12  0:02  Drone  
  13  0:11  Drone  
  14  0:21  Overlord  
  14  0:41  Drone x3  
  17  1:04  Hatchery  
  16  1:16  Spawning Pool  
  16  1:17  Drone  
  16  1:18  Extractor  
  16  1:19  Drone  
  16  1:33  Drone  
  17  1:40  Overlord  
  17  2:07  Zergling x6  
  20  2:16  Queen x2  
  24  2:26  Metabolic Boost  
  24  2:33  Zergling x8  
  28  2:40  Overlord  
  28  3:06  Zergling x6  
  28  3:08  Zergling x4  
  33  3:25  Drone  
  33  3:26  Drone, Overlord  
  35  3:32  Zergling x4  
  35  3:33  Zergling x4  
  39  3:34  Overlord  
  38  4:09  Zergling x20  
  46  4:41  Drone x5  
  46  4:42  Drone  
  50  5:01  Drone  
  50  5:02  Drone  
  50  5:03  Lair  
  52  5:09  Extractor  
  51  5:26  Extractor, Hatchery  
  51  5:27  Extractor  
  48  5:42  Pneumatized Carapace  
  48  6:10  Hydralisk Den  
  47  6:16  Evolution Chamber  
  46  6:19  Evolution Chamber  
  45  6:35  Drone x12  
  57  6:47  Muscular Augments  
  57  6:49  Zerg Ground Armor Level 1, Zerg Missile Weapons Level 1  
  57  6:56  Queen  
  57  6:58  Lurker Den  
  58  7:26  Drone x8  
  58  7:27  Overlord x3  
  45  7:54  Hydralisk  
  45  7:55  Hydralisk x4  
  8  14:29  Hatchery  
Show
View Real Time Build Order
Export as new Build Order

Dread Protoss 

Build Orders:  

Get SALT Encoding   

  12  0:15  Pylon  
  12  0:23  Probe (Chrono Boost)  
  13  0:33  Probe (Chrono Boost)  
  14  0:38  Probe (Chrono Boost)  
  14  0:40  Forge  
  15  0:49  Probe  
  16  0:57  Pylon  
  16  1:01  Probe  
  17  1:21  Photon Cannon  
  17  1:28  Photon Cannon  
  17  1:49  Pylon  
  17  2:13  Photon Cannon  
  17  2:21  Photon Cannon  
  17  2:25  Photon Cannon  
  17  2:40  Pylon  
  17  2:56  Pylon  
  17  3:01  Photon Cannon  
  17  3:04  Photon Cannon  
  17  3:07  Photon Cannon  
  17  3:25  Pylon  
  17  3:47  Photon Cannon  
  17  3:48  Photon Cannon  
  17  4:00  Photon Cannon  
  16  5:11  Gateway  
  16  5:14  Photon Cannon  
  16  5:16  Photon Cannon  
  16  5:51  Nexus  
  16  5:53  Probe  
  17  6:00  Assimilator  
  17  6:03  Assimilator  
  17  6:05  Probe  
  17  6:11  Cybernetics Core  
  18  6:13  Pylon  
  18  6:15  Pylon  
  18  6:17  Probe  
  19  6:20  Assimilator  
  19  6:29  Probe (Chrono Boost)  
  20  6:38  Probe (Chrono Boost)  
  21  6:43  Probe (Chrono Boost)  
  22  6:54  Assimilator  
  22  6:56  Probe (Chrono Boost)  
  23  7:07  Probe (Chrono Boost)  
  24  7:11  Probe (Chrono Boost)  
  24  7:12  Probe (Chrono Boost)  
  26  7:21  Probe (Chrono Boost)  
  28  7:27  Probe x2 (Chrono Boost)  
  29  7:34  Probe  
  29  7:35  Probe  
  31  7:47  Probe  
  31  7:49  Stargate  
  32  7:52  Stargate  
  32  7:54  Stargate  
  32  7:58  Probe (Chrono Boost)  
  32  8:04  Probe (Chrono Boost)  
  34  8:09  Probe (Chrono Boost)  
  36  8:13  Probe (Chrono Boost)  
  36  8:14  Probe (Chrono Boost)  
  36  8:18  Nexus  
  37  8:23  Probe  
  37  8:25  Probe  
  39  8:35  Probe  
  39  8:37  Probe, Void Ray x2  
  39  8:38  Void Ray  
  53  8:47  Probe  
  54  8:54  Probe  
  55  8:59  Probe  
  56  9:06  Probe  
  56  9:07  Assimilator  
  57  9:10  Assimilator  
  57  9:12  Probe  
  58  9:18  Probe  
  58  9:24  Probe  
  60  9:30  Probe  
  61  9:36  Probe  
  63  9:38  Probe  
  63  9:42  Probe  
  76  9:48  Probe  
  76  9:50  Probe  
  78  9:55  Probe  
  79  10:00  Probe  
  79  10:02  Probe  
  63  10:51  Void Ray  
  63  10:52  Void Ray  
  63  11:06  Pylon  
  63  11:08  Pylon  
  63  11:09  Pylon  
  63  11:34  Void Ray x2  
  71  11:50  Nexus  
  71  11:58  Gateway  
  71  12:35  Void Ray  
  71  12:36  Void Ray  
  79  12:45  Pylon  
  79  12:48  Cybernetics Core  
  79  12:59  Probe (Chrono Boost)  
  80  13:08  Probe (Chrono Boost)  
  81  13:13  Pylon  
  81  13:16  Pylon  
  81  13:18  Pylon, Void Ray x2  
  89  13:25  Cybernetics Core  
  89  13:29  Stargate  
  89  13:41  Stargate  
  89  13:43  Stargate  
  89  13:47  Stargate  
  89  13:51  Stargate  
  89  14:01  Void Ray  
  93  14:19  Void Ray x2  
  101  14:25  Void Ray  
  101  14:28  Void Ray  
  113  14:37  Pylon  
  121  14:45  Pylon  
  121  14:48  Pylon  
  121  14:51  Pylon  
  121  14:55  Pylon  
  121  14:58  Pylon  
Show
View Real Time Build Order
Export as new Build Order

Key Zerg 

Build Orders: Hatch First 

Get SALT Encoding   

  12  0:03  Drone  
  13  0:10  Drone  
  14  0:25  Overlord  
  14  0:44  Hatchery  
  14  0:48  Drone  
  14  0:54  Drone  
  14  0:55  Drone  
  16  1:03  Drone  
  17  1:21  Drone x2  
  19  1:28  Extractor  
  19  1:29  Spawning Pool  
  17  1:35  Drone  
  18  1:45  Drone  
  19  1:53  Drone  
  20  2:03  Drone  
  20  2:04  Drone  
  22  2:15  Drone  
  23  2:16  Drone  
  24  2:26  Overlord  
  24  2:31  Queen  
  24  2:32  Queen  
  24  2:36  Metabolic Boost  
  28  2:39  Overlord  
  28  2:49  Drone  
  29  2:51  Zergling x4  
  29  2:52  Zergling x4  
  33  3:00  Baneling Nest  
  33  3:03  Overlord  
  32  3:06  Zergling x2  
  33  3:15  Drone  
  33  3:17  Zergling x2  
  35  3:24  Zergling x2  
  36  3:35  Spore Crawler  
  36  3:38  Zergling x2  
  36  3:39  Zergling x4  
  38  3:46  Zergling x2  
  38  3:47  Zergling x6  
  38  3:48  Zergling x4  
  44  3:57  Overlord  
  44  3:59  Hatchery  
  43  4:07  Drone  
  44  4:21  Overlord  
  44  4:22  Zergling x2  
  44  4:23  Drone x3  
  44  4:24  Drone x3  
  51  4:52  Drone x3  
  54  4:53  Drone x2  
  55  5:09  Queen  
  55  5:14  Drone  
  58  5:15  Queen  
  60  5:28  Drone x4  
  63  5:29  Drone x2  
  66  5:37  Lair  
  66  5:42  Extractor  
  65  5:50  Evolution Chamber  
  65  5:51  Evolution Chamber  
  65  5:54  Evolution Chamber  
  65  5:55  Drone  
  65  5:56  Drone x2  
  65  5:57  Drone  
  65  5:58  Drone x3  
  69  6:10  Drone x3  
  72  6:23  Spore Crawler  
  71  6:29  Extractor  
  71  6:31  Extractor  
  69  6:33  Drone x4  
  69  6:35  Overlord x3  
  69  6:36  Overlord  
  69  6:37  Extractor  
  69  6:39  Zergling x2  
  73  6:41  Extractor  
  73  6:42  Overlord, Zergling x2  
  73  6:43  Overlord x2  
  73  6:50  Spine Crawler x2, Zerg Melee Weapons Level 1  
  73  6:51  Zerg Ground Armor Level 1  
  73  6:52  Zerg Missile Weapons Level 1  
  71  6:59  Overlord, Infestation Pit  
  71  7:00  Zergling x4  
  71  7:01  Zergling x8  
  74  7:02  Zergling x2  
  74  7:05  Centrifical Hooks  
  77  7:09  Baneling x2  
  77  7:10  Baneling x2  
  77  7:22  Hydralisk Den  
  76  7:29  Drone x2  
  79  7:37  Drone x4  
  79  7:42  Hive  
  82  7:45  Drone  
  82  7:46  Drone x4  
  87  7:55  Grooved Spines  
  87  7:58  Drone  
  87  7:59  Drone x3  
  87  8:00  Drone x3  
  69  8:46  Overlord  
  69  8:47  Zergling x8  
  69  8:48  Zergling x8  
  76  8:49  Zergling x2  
  78  9:03  Ultralisk Cavern  
  78  9:07  Muscular Augments  
  77  9:11  Overlord x2  
  77  9:12  Zergling x6  
  77  9:13  Zergling x2  
  81  9:28  Overlord x2  
  81  9:29  Zergling x4  
  81  9:30  Zergling x2  
  84  9:35  Zerg Missile Weapons Level 2, Zerg Melee Weapons Level 2  
  84  9:36  Zerg Ground Armor Level 2  
  84  9:41  Zergling x6  
  84  9:42  Zergling x6  
  90  9:52  Ultralisk  
  102  9:53  Ultralisk x4  
  102  9:54  Ultralisk x2  
  102  9:56  Zergling x2  
  133  10:00  Hatchery  
  132  10:08  Zergling x8  
  132  10:09  Zergling x6  
  139  10:14  Chitinous Plating  
  139  10:17  Ultralisk  
  91  11:03  Overlord  
  91  11:04  Zergling x6  
  92  11:05  Zergling x10  
  92  11:06  Zergling x8  
  92  11:07  Zergling x2  
  92  11:11  Zergling x2  
  101  11:22  Zergling x6  
  84  11:51  Ultralisk  
  84  11:52  Ultralisk x4  
  84  11:53  Ultralisk x2  
  125  11:54  Overlord x2  
  125  12:04  Drone x3  
  125  12:07  Queen  
  127  12:14  Overlord, Zergling x2  
  127  12:15  Zergling x6  
  119  12:23  Zergling x2  
  119  12:28  Drone x2  
  122  12:40  Ultralisk x3  
  122  12:41  Ultralisk  
  122  12:42  Overlord x3  
  146  12:46  Overlord x2  
  146  12:47  Overlord  
  146  12:53  Drone  
  145  13:05  Ultralisk x2  
  157  13:06  Zergling x2  
  157  13:07  Zergling x2  
  156  13:25  Overlord x2  
  156  13:26  Ultralisk x2  
  163  13:34  Drone x2  
  165  13:45  Extractor  
  165  13:48  Extractor  
  139  14:05  Hydralisk x4  
  139  14:06  Hydralisk x4  
  139  14:07  Hydralisk x4  
  163  14:17  Drone x2  
  163  14:18  Drone  
  163  14:23  Hatchery  
  165  14:39  Overlord  
  165  14:40  Zergling x6  
  165  14:41  Zergling x10  
  165  14:42  Zergling x4  
  175  14:53  Drone x2  
  175  14:54  Drone  
Show
View Real Time Build Order
Export as new Build Order

Infamous Protoss 

Build Orders: 1 Gate Expand 

Get SALT Encoding   

  12  0:01  Probe  
  13  0:17  Pylon  
  13  0:18  Probe (Chrono Boost)  
  14  0:28  Probe (Chrono Boost)  
  15  0:33  Probe (Chrono Boost)  
  16  0:39  Gateway  
  16  0:59  Probe, Assimilator  
  17  1:21  Nexus  
  17  1:23  Probe (Chrono Boost)  
  18  1:45  Cybernetics Core  
Tags
 
Add a new tag
Caveats
  • Supply blocks, unpowered buildings, or Contaminate may cause inaccurate times.
  • Supply counts are checked every 10 seconds.